 Dungeon Crawl Stone Soup version 0.18-a0-846-g91b95b1 (webtiles) character file.

81 tof the Ruffian (level 4, -3/40 HPs)
             Began as a Minotaur Monk on Dec 20, 2015.
             Was a Believer of Dithmenos.
             Slain by a gnoll
             ... wielding a +0 spear
              (10 damage)
             ... on level 2 of the Dungeon.
             The game lasted 00:10:16 (2540 turns).

tof the Ruffian (Minotaur Monk)                     Turns: 2540, Time: 00:10:17

Health: -3/40      AC:  2    Str: 15    XL:     4   Next: 19%
Magic:  3/3        EV:  7    Int:  7    God:    Dithmenos [**....]
Gold:   90         SH:  0    Dex: 14    Spells: 0 memorised, 3 levels left

rFire  + . .     SeeInvis .     b - +0 hunting sling
rCold  . . .     Gourm    .     q - +0 robe (curse)
rNeg   . . .     Faith    .     (no shield)
rPois  .         Spirit   .     (helmet restricted)
rElec  .         Dismiss  .     (no cloak)
rCorr  .         Reflect  .     (no gloves)
SustAt .         Harm     .     (no boots)
MR     .....                    (no amulet)
Stlth  ++........               (no ring)
                                p - ring of protection from fire

@: held, wreathed by umbra, not resistant to hostile enchantments, unstealthy
A: retaliatory headbutt, horns 2
a: Shadow Step, Renounce Religion


You were on level 2 of the Dungeon.
You worshipped Dithmenos.
Dithmenos was pleased with you.
You were not hungry.

You visited 1 branch of the dungeon, and saw 2 of its levels.

You collected 90 gold pieces.

Inventory:

Hand Weapons
 a - a +0 long sword
 b - a +0 hunting sling (weapon)
Missiles
 h - 43 stones (quivered)
Armour
 k - a +0 leather armour
 l - a +0 robe
 q - a cursed +0 robe (worn)
Jewellery
 p - a ring of protection from fire (left hand)
Scrolls
 c - 2 scrolls of recharging {unknown}
 f - a scroll of amnesia {unknown}
 i - a scroll of teleportation {unknown}
 r - a scroll of identify {unknown}
 u - a scroll of remove curse {unknown}
Potions
 d - 2 potions of curing
 e - a potion of flight {unknown}
 g - a potion of might {unknown}
 j - a potion of heal wounds {unknown}
 n - a potion of poison {unknown}
 s - 2 potions of resistance {unknown}
 t - a potion of haste {unknown}
 v - a potion of magic {unknown}
Comestibles
 m - 2 bread rations
 w - a meat ration


   Skills:
 + Level 3.9 Fighting
 + Level 0.2 Long Blades
 + Level 0.7(1.0) Slings
 + Level 0.6(0.8) Throwing
 + Level 1.4 Armour
 + Level 4.0 Dodging
 + Level 1.9 Stealth
 + Level 4.9 Unarmed Combat


You had 3 spell levels left.
You didn't know any spells.

Dungeon Overview and Level Annotations

Branches:
Dungeon (2/15)

Altars:
Dithmenos
Zin

Shops:
D:2 *


Innate Abilities, Weirdness & Mutations

You reflexively headbutt those who attack you in melee.
You have a pair of horns on your head.


Message History

The gnoll shouts!
The stone hits the gnoll but does no damage.
The gnoll throws a throwing net.
The throwing net hits you.
You become entangled in the net!
You are held in a net!
A gnoll comes into view.
A gnoll comes into view. It is wielding a club.
The gnoll shouts!
The gnoll moves out of view.
A gnoll comes into view. It is wielding a spear.
The gnoll hits you from afar with a spear!
The gnoll hits you from afar with a spear.
The gnoll hits you from afar with a spear.
The gnoll hits you from afar with a spear.
The gnoll hits you but does no damage.
The gnoll hits you from afar with a spear.
The gnoll hits you from afar with a spear!
* * * LOW HITPOINT WARNING * * *
The gnoll hits you from afar with a spear!
You die...

# #....##⌠##...#...###..#..##.###
#..†..###....###..##<..........
#.........#..<.##.##>.........[ #
###..#######.#.##.##.(.........
####..## #.#.##.....#####.###
.#...### #.#......g...##.÷...
......)#### #.##.g....##..##..#.
##..##..).####.##gg...##....#....
....#####.#.....@.....#._...#....
......###.............##....#....
....#..................##..##....
....############.#........##.....
....# #.#####..###...... ....#
#........# #...... #####
########## #...... #......
#######


You could see 4 gnolls.

Vanquished Creatures
  3 adders (D:2)
  A worm (D:2)
  3 giant geckos
  3 bats
  2 giant cockroaches (D:1)
  11 goblins
  6 hobgoblins
  7 kobolds
  2 ball pythons (D:2)
  3 giant newts
  7 rats
48 creatures vanquished.

Vanquished Creatures (others)
  A bat (D:2)
1 creature vanquished.

Grand Total: 49 creatures vanquished

Notes
Turn   | Place    | Note
--------------------------------------------------------------
     0 | D:1      | tof the Minotaur Monk began the quest for the Orb.
     0 | D:1      | Reached XP level 1. HP: 19/19 MP: 0/0
   336 | D:1      | Reached XP level 2. HP: 25/27 MP: 1/1
  1227 | D:2      | Reached XP level 3. HP: 15/33 MP: 2/2
  2151 | D:2      | Found a faded altar to an unknown god.
  2201 | D:2      | Found a shadowy altar of Dithmenos.
  2206 | D:2      | Became a worshipper of Dithmenos the Shadowed
  2206 | D:2      | Reached * piety under Dithmenos
  2206 | D:2      | Reached ** piety under Dithmenos
  2237 | D:2      | Reached skill level 1 in Armour
  2242 | D:2      | Reached XP level 4. HP: 38/40 MP: 3/3
  2270 | D:2      | Found Zin's Purification Station.
  2277 | D:2      | Found a glowing silver altar of Zin.
  2540 | D:2      | Slain by a gnoll

Vault maps used:
D:1:      kilobyte_arrival_exit_the_forest, hangedman_decor_push
D:2:      kennysheep_the_goblin_king, zin_purify, ecumenical_altar_1,
          first_bread, nicolae_dithmenos_through_a_glass_darkly

Action                   |  1- 3 |  4- 6 || total
-------------------------+-------+-------++-------
Melee: Unarmed           |    26 |       ||    26
       Club              |    38 |       ||    38
       Dagger            |    11 |       ||    11
       Long sword        |     4 |     3 ||     7
 Fire: Hunting sling     |    35 |    12 ||    47
Throw: Stone             |    49 |       ||    49
  Use: Potion            |     1 |       ||     1
 Stab: Sleeping          |     4 |       ||     4
  Eat: Chunk             |     4 |     1 ||     5
